 Dungeon Crawl Stone Soup version 0.30-a0-122-g2a1322497e (webtiles) character file.

Game seed: 1414766142093139107

41 ragingrage the Trooper (level 3, -2/29 HPs)
             Began as a Demonspawn Fighter on Sept 15, 2022.
             Slain by a hobgoblin (4 damage)
             ... on level 2 of the Dungeon.
             The game lasted 00:00:53 (1061 turns).

ragingrage the Trooper (Demonspawn Fighter)         Turns: 1061, Time: 00:00:54

Health: -2/29      AC: 11    Str: 18    XL:     3   Next: 32%
Magic:  3/3        EV:  9    Int:  9    God:
Gold:   62         SH:  4    Dex: 12    Spells: 2/2 levels left

rFire   . . .      SeeInvis .    h - +0 hand axe (elec)
rCold   . . .      Faith    .    c - +0 buckler
rNeg    . . .      Spirit   .    b - +0 scale mail
rPois   .          Reflect  .    (no helmet)
rElec   .          Harm     .    j - +0 cloak
rCorr   .          Rampage  .    i - +1 pair of gloves
Will    .....                    (no boots)
Stlth   ..........               (no amulet)
HPRegen 0.09/turn                (no ring)
MPRegen 0.08/turn                (no ring)

@: no status effects
A: icy blue scales 1, demonic touch 1
a: no special abilities


You were on level 2 of the Dungeon.
You visited 1 branch of the dungeon, and saw 2 of its levels.

You collected 62 gold pieces.

Inventory:

Hand Weapons
 a - a +0 trident
 g - a +1 whip of venom
 h - a +0 hand axe of electrocution (weapon)
Missiles
 k - 7 poisoned darts (quivered)
Armour
 b - a +0 scale mail (worn)
 c - a +0 buckler (worn)
 i - a +1 pair of gloves (worn)
 j - a +0 cloak (worn)
Jewellery
 e - an amulet of guardian spirit
 f - a ring of willpower
 q - a +6 ring of dexterity
Scrolls
 l - a scroll of fear {unknown}
 n - a scroll of amnesia {unknown}
 o - a scroll of identify {unknown}
 t - a scroll of magic mapping {unknown}
Potions
 d - a potion of might
 m - 2 potions of flight {unknown}
 p - a potion of cancellation {unknown}
 r - a potion of attraction {unknown}
 s - a potion of magic {unknown}


   Skills:
 - Level 3.0 Fighting
 + Level 2.1(2.7) Axes
 - Level 2.4(2.9) Polearms
 - Level 2.6 Armour
 - Level 2.6 Shields


You had 2 spell levels left.
You didn't know any spells.
Your spell library was empty.

Dungeon Overview and Level Annotations

Branches:
Dungeon (2/15)

Altars:


Innate Abilities, Weirdness & Mutations

You are partially covered in icy blue scales. (AC +2)
Your touch may inflict minor irresistible damage on your foes.


Message History

You block the hobgoblin's attack. You block the kobold's attack.
The hobgoblin hits you.
The kobold hits you with a +0 short sword.
The hobgoblin hits you but does no damage.
The kobold hits you with a +0 short sword.
The hobgoblin barely misses you. You block the kobold's attack.
The kobold closely misses you.
The hobgoblin hits you but does no damage.
The kobold hits you with a +0 short sword.
The hobgoblin barely misses you. You block the hobgoblin's attack.
The kobold hits you but does no damage. The hobgoblin hits you.
* * * LOW HITPOINT WARNING * * *
The kobold hits you but does no damage.
The hobgoblin hits you but does no damage.
The kobold barely misses you. You block the hobgoblin's attack.
The kobold hits you but does no damage. The kobold barely misses you.
You block the hobgoblin's attack. You block the kobold's attack.
The hobgoblin hits you but does no damage.
You block the hobgoblin's attack. The kobold barely misses you.
The hobgoblin hits you but does no damage.
The kobold hits you with a +0 short sword.
* * * LOW HITPOINT WARNING * * *
The hobgoblin hits you but does no damage.
The kobold closely misses you. You block the hobgoblin's attack.
The kobold hits you but does no damage. The hobgoblin misses you.
The kobold hits you but does no damage. You block the kobold's attack.
The hobgoblin closely misses you. The hobgoblin closely misses you.
The kobold hits you but does no damage. The hobgoblin completely misses you.
The kobold hits you but does no damage. The hobgoblin closely misses you.
The kobold barely misses you. The hobgoblin hits you.
* * * LOW HITPOINT WARNING * * *
The kobold closely misses you. The kobold closely misses you.
The hobgoblin hits you but does no damage.
The kobold barely misses you. You block the hobgoblin's attack.
The hobgoblin hits you.
You die...

#.# #.# #.###.# #.....# ####..#
####### ### #..#### #.....# #..
#.....########.....###..
#....................#..
#####.....#....#<....###....
#.........#@...#####.# #...#
#.........Kg....# #.# #...#
#.......#+#..#..####.# #...#
#.........)..........###...†
#.............#####..##...††
#.......).....#####..##.....
####.........#...........+.....
#..........#.##..#.......#.....
#..............................


You could see a hobgoblin and a kobold.

Vanquished Creatures
  2 adders (D:2)
  3 endoplasms (D:1)
  A giant cockroach (D:1)
  2 goblins (D:1)
  A hobgoblin (D:1)
  4 jackals (D:2)
  3 ball pythons (D:1)
  2 bats (D:1)
  4 kobolds
  A rat (D:1)
23 creatures vanquished.

Notes
Turn   | Place    | Note
-------+----------+-------------------------------------------
     0 | D:1      | ragingrage the Demonspawn Fighter began the quest for the
                  | Orb.
     0 | D:1      | Reached XP level 1. HP: 18/18 MP: 1/1
   313 | D:1      | Found a faded altar of an unknown god.
   473 | D:1      | Gained mutation: You are partially covered in icy blue
                  | scales. (AC +2) [demonic ancestry]
   473 | D:1      | Reached XP level 2. HP: 24/24 MP: 2/2
   722 | D:1      | Reached skill level 1 in Axes
   879 | D:2      | Gained mutation: Your touch may inflict minor irresistible
                  | damage on your foes. [demonic ancestry]
   879 | D:2      | Reached XP level 3. HP: 26/29 MP: 3/3
  1061 | D:2      | Slain by a hobgoblin

Illustrated notes

Levels and vault maps discovered:
D:1:      nagdon_arrival_double_spiral, layout_basic,
          ebering_ecumenical_altar_sacrificial, columned_hall_lemuel,
          grunt_decor_arrowhead
D:2:      layout_basic, serial_shops, nicolae_shop_behind_doors

Skill      XL: |  1  2  3 |
---------------+----------+-----
Polearms       | 2 |  2.4
Axes           | 1 2 |  2.1
Fighting       | |  3.0
Armour         | |  2.6
Shields        | |  2.6

Action                   || total
-------------------------++-------
Melee: Trident           ||    27
       Hand axe          ||    34
Armor: Scale mail        ||    79
Dodge: Dodged            ||    81
Block: Buckler           ||    44

Table legend: (Time is in decaauts)
 A = Elapsed time spent in this place.
 B = Non-inter-level travel time spent in this place.
 C = Inter-level travel time spent in this place.
 D = Time resting spent in this place.
 E = Time spent auto-exploring this place.
 F = Levels seen in this place.
 G = Mean time per level.
                   A        B        C        D        E       F      G
               +--------+--------+--------+--------+--------+-----+--------+
         Total |   1077 |   1067 |     10 |      0 |    764 |   2 |  538.5 |
       Dungeon |   1077 |   1067 |     10 |      0 |    764 |   2 |  538.5 |
               +--------+--------+--------+--------+--------+-----+--------+

Top non-repeatable levels by time:
     D:1: 857 daAuts
     D:2: 219 daAuts
